 Dungeon Crawl Stone Soup version 0.30-a0-778-g2ef04afb54 (webtiles) character file.

Game seed: 16448309359455432298

42 funkygono the Firebug (level 3, -6/19 HPs)
             Began as a Gargoyle Fire Elementalist on Feb 16, 2023.
             Mangled by a gnoll
             ... wielding a +0 halberd
              (11 damage)
             ... on level 1 of the Dungeon.
             The game lasted 00:01:38 (1162 turns).

funkygono the Firebug (Gargoyle Fire Elementalist)  Turns: 1162, Time: 00:01:39

Health: -6/19      AC:  5    Str: 11    XL:     3   Next: 54%
Magic:  2/6        EV: 12    Int: 17    God:
Gold:   28         SH:  0    Dex: 10    Spells: 1/7 levels left

rFire   . . .      SeeInvis .    e - +0 whip
rCold   . . .      Faith    .    (no shield)
rNeg    + . .      Spirit   .    a - +0 robe
rPois   ∞          Reflect  .    (no helmet)
rElec   +          Harm     .    (no cloak)
rCorr   .          Rampage  .    (no gloves)
Will    .....                    (no boots)
Stlth   ++                       (no amulet)
HPRegen 0.23/turn                (no ring)
MPRegen 0.10/turn                (no ring)

@: no status effects
A: sickness immunity, AC +3, negative energy resistance 1, electricity
resistance, torment resistance 1, petrification resistance
a: no special abilities


You were on level 1 of the Dungeon.
You visited 1 branch of the dungeon, and saw 2 of its levels.

You collected 28 gold pieces.

Inventory:

Hand Weapons
 e - a +0 whip (weapon)
Armour
 a - a +0 robe (worn)
Scrolls
 d - a scroll of noise {unknown}
 f - a scroll of enchant armour {unknown}
 g - 2 scrolls of brand weapon {unknown}
 h - a scroll of teleportation {unknown}
Potions
 b - a potion of magic
 c - a potion of mutation {unknown}


   Skills:
 + Level 1.8 Dodging
 - Level 2.1 Stealth
 + Level 2.6 Spellcasting
 + Level 1.4 Conjurations
 + Level 3.6 Fire Magic


You had one spell level left.
You knew the following spells:

 Your Spells              Type           Power      Damage    Failure   Level
a - Foxfire               Conj/Fire      40%        2x1d6     6%          1
b - Scorch                Fire           28%        2d6       6%          2
c - Kindle Blastsparks    Fire/Tloc/Air  12%        2d11      32%         3

Your spell library contained the following spells:

 Spells                   Type           Power      Damage    Failure   Level
 Inner Flame              Hex/Fire       8%         N/A       26%         3
 Flame Wave               Conj/Fire      10%        2d6       54%         4


Dungeon Overview and Level Annotations

Branches:
Dungeon (2/15)

Altars:

Shops:
D:1 [


Innate Abilities, Weirdness & Mutations

You are immune to sickness and miasma.
Your stone body is resilient. (AC +3)
You are immune to poison.
You resist negative energy. (rN+)
You are resistant to electric shocks. (rElec)
You are resistant to unholy torment.
You are immune to petrification.


Message History

Confirm with . or Enter, or press ? or * to list all spells.
You don't have enough magic to cast this spell.
The foxfire hits the gnoll but does no damage.
The gnoll is lightly wounded.
The foxfire hits the gnoll.
The gnoll is lightly wounded.
The gnoll barely misses you. The gnoll misses you.
You climb upwards.
There is a stone staircase leading down here.
Magic restored.
HP restored.
Done exploring.
You climb downwards.
The gnoll closely misses you.
There is a stone staircase leading up here.
The goblin hits you but does no damage. The gnoll barely misses you.
You climb upwards.
There is a stone staircase leading down here.
Casting: Foxfire (safe; 6% risk of failure)
Confirm with . or Enter, or press ? or * to list all spells.
You conjure some foxfire!
The goblin hits you but does no damage. The gnoll barely misses you.
Casting: Foxfire (safe; 6% risk of failure)
Confirm with . or Enter, or press ? or * to list all spells.
Flames lash the gnoll.
The gnoll is moderately wounded.
The gnoll's fire resistance burns away.
The foxfire hits the gnoll but does no damage.
The gnoll is moderately wounded.
The foxfire hits the gnoll.
The gnoll is burned terribly!
The gnoll is heavily wounded.
The goblin hits you with a +0 dagger. The gnoll hits you with a +0 halberd!
Ouch! That really hurt!
Unknown command.
Casting: Scorch (safe; 6% risk of failure)
Confirm with . or Enter, or press ? or * to list all spells.
You conjure some foxfire!
The goblin hits you with a +0 dagger.
* * * LOW HITPOINT WARNING * * *
The gnoll hits you with a +0 halberd!
Ouch! That really hurt!
You die...

#.#### ####### #.∩...
#.....# #..### ##.###.##
#..... #.## ##.##########
#..#.. #.# #..#.......####
#....# #.##
##..#.##.......###..###
##.###.#.#v##.##.##.....)...
##........v@g.##.##.###.....
#........#g#####.##.#####.##
#.#..##..#.#####.......##.#
#.#......#........#....##.#
#.##....##........#.......#
#.#####.##..............#.##
#.####...#........##.#..#...
#.................##.#......
###.##...#........##....#...


You could see a gnoll (combustible, ally target) and a goblin.

Vanquished Creatures
  A gnoll (D:2)
  7 endoplasms
  2 giant cockroaches (D:1)
  6 goblins (D:1)
  2 hobgoblins (D:1)
  A quokka (D:1)
  A ball python (D:1)
  3 bats (D:1)
  A frilled lizard (D:1)
  3 kobolds (D:1)
27 creatures vanquished.

Vanquished Creatures (others)
  71 foxfires
71 creatures vanquished.

Grand Total: 98 creatures vanquished

Notes
Turn   | Place    | Note
-------+----------+-------------------------------------------
     0 | D:1      | funkygono the Gargoyle Fire Elementalist began the quest
                  | for the Orb.
     0 | D:1      | Reached XP level 1. HP: 10/10 MP: 3/3
   254 | D:1      | Reached XP level 2. HP: 10/15 MP: 0/5
   257 | D:1      | Learned a level 2 spell: Scorch
   355 | D:1      | Found Ozisykh's Armour Shoppe.
   426 | D:1      | Found a faded altar of an unknown god.
   716 | D:1      | Reached XP level 3. HP: 19/19 MP: 2/6
   720 | D:1      | Learned a level 3 spell: Kindle Blastsparks
  1162 | D:1      | Mangled by a gnoll

Illustrated notes

Levels and vault maps discovered:
D:1:      dpeg_arrival_chambers_temple_mockup, layout_loops_cross, serial_shops,
          shop, hellmonk_ecumenical_altar_run_dry
D:2:      layout_basic, minmay_misc_feat_plants, st_stairs_4

Action                     || total
---------------------------++-------
  Melee: Club              ||     1
         Whip              ||     5
   Cast: Foxfire           ||    41
         Scorch            ||     2
 Armour: Robe              ||     8
  Dodge: Dodged            ||    12

Table legend: (Time is in decaauts)
 A = Elapsed time spent in this place.
 B = Non-inter-level travel time spent in this place.
 C = Inter-level travel time spent in this place.
 D = Time resting spent in this place.
 E = Time spent auto-exploring this place.
 F = Levels seen in this place.
 G = Mean time per level.
                   A        B        C        D        E       F      G
               +--------+--------+--------+--------+--------+-----+--------+
         Total |   1163 |   1157 |      6 |     35 |    973 |   2 |  581.5 |
       Dungeon |   1163 |   1157 |      6 |     35 |    973 |   2 |  581.5 |
               +--------+--------+--------+--------+--------+-----+--------+

Top non-repeatable levels by time:
     D:1: 1152 daAuts
     D:2: 10 daAuts
